[Event "*** Titled Tuesday Blitz"]
[Site "Chess.com"]
[Date "2020.05.26"]
[Round "3"]
[White "iLuusions"]
[Black "WastefulJustice"]
[Result "1-0"]
[WhiteElo "2589"]
[BlackElo "2382"]
[TimeControl "180+1"]
[EndTime "10:28:46 PDT"]
[Termination "iLuusions won on time"]

1. d4 Nf6 2. c4 g6 3. Nc3 Bg7 4. e4 d6 5. h3 O-O 6. Bg5 Nbd7 7. Bd3 e5 8. d5 Nc5 9. Bc2 a5 10. Nge2 h6 11. Be3 Bd7 12. Qd2 Kh7 13. g4 Ne8 14.
Ng3 c6 15. O-O-O cxd5 16. Qxd5 Be6 17. Qd2 Bxc4 18. Bxc5 b5 19. Bxd6 Nxd6 20. Qxd6 Qg5+ 21. Qd2 Qe7 22. Nd5 Qc5 23. Kb1 Rfc8 24. Rc1 a4 25. a3 Bf8 26. Rhd1 Kg7 27. Bd3 Rab8 28. Ka1 Qa7 29. Bxc4 bxc4 30. Ne3 Bc5 31. Ne2 Rb3 32. Nxc4 Rcb8 33. Rc2 Qe7 34. Ka2 Qb7 35. Qd7 Rxa3+ 36.
Nxa3 Qb3+ 37. Kb1 Bxa3 38. Qd3 Qb4 39. Ka2 Bxb2 40. Rb1 a3 41. Nc1 Qb6 42. Nb3 Qe6 43. Qc4 Qb6 44. Nc5 Rc8 45. Qd5 Qb5 46. Qb3 Qc6 47.
Rc4 Kh7 48. Rc2 Qd6 49. Rc4 Rxc5 50. Qb4 Qe6 51. Qxc5 f6 52. Qd5 Qb6 53. Rd1 1-0

[Event "*** Titled Tuesday Blitz"]
[Site "Chess.com"]
[Date "2020.05.26"]
[Round "3"]
[White "WPWPWP-2015"]
[Black "SerGo055"]
[Result "0-1"]
[WhiteElo "2371"]
[BlackElo "2580"]
[TimeControl "180+1"]
[EndTime "10:28:46 PDT"]
[Termination "SerGo055 won by resignation"]

1. e4 d5 2. exd5 Qxd5 3. Qf3 c6 4.
a3 Nf6 5. Nc3 Qxf3 6. Nxf3 Bf5 7.
Nd4 Bg6 8. d3 e5 9. Nb3 Nbd7 10.
Be2 Bd6 11. Be3 Nd5 12. Bd2 O-O-O 13. O-O-O Rhe8 14. Bf3 Nxc3 15. Bxc3 Nc5 16. Nd2 f6 17. Nc4 Ne6 18. Nxd6+ Rxd6 19. h4 Nd4 20. h5 Bf7 21.
Bg4+ Be6 22. Bxe6+ Nxe6 23. g3 Kd7 24. Rh4 Ke7 25.
Re1 Kf7 26. Ra4 a6 27. Rb4 b5 28. Rh4 c5 29. b3 Nd4 30. Re3 Nf5 31. Rhe4 Nxe3 32. Rxe3 c4 33. dxc4 bxc4 34. b4 e4 35. a4 f5 36. Re1 g5 37. hxg6+ hxg6 38. Rh1 g5 39. Rh7+ Kg6 40. Rc7 f4 41. gxf4 gxf4 42.
Rxc4 e3 43. fxe3 fxe3 44. Rg4+ Kf5 45. Rg1 e2 46. Re1 Kf4 47. Rh1 Kf3 48. b5 axb5 49.
axb5 Kg2 50. Re1 Kf2 51. Kb2 Rd1 52. Rxe2+ Kxe2 53. b6 Rb8 54. Kb3 Rxb6+ 55. Kc4 Rc6+ 56. Kb3 Rb1+ 57. Bb2 Rb6+ 58. Kc3 R1xb2 59. Kd4 Rxc2 0-1

[Event "*** Titled Tuesday Blitz"]
[Site "Chess.com"]
[Date "2020.05.26"]
[Round "3"]
[White "vanyakuba"]
[Black "IMinTheWings"]
[Result "1-0"]
[WhiteElo "2473"]
[BlackElo "2108"]
[TimeControl "180+1"]
[EndTime "10:28:46 PDT"]
[Termination "vanyakuba won by checkmate"]

1. e4 e6 2. d4 d5 3. exd5 exd5 4. Nf3 Bd6 5. c4 c6 6. Nc3 Ne7 7. Bd3 dxc4 8. Bxc4 O-O 9. O-O Bg4 10. h3 Bh5 11. g4 Bg6 12. Ne5 c5 13. f4 cxd4 14.
Qxd4 Nbc6 15. Nxc6 Nxc6 16. Qf2 h5 17. f5 Bh7 18. g5 Ne5 19. Bd5 Kh8 20. Be3 Nd3 21.
Qh4 Qe7 22. Bd4 Bc5 23. f6 Bxd4+ 24. Qxd4 Qe5 25. fxg7+ Kxg7 26. Qxe5+ Nxe5 27. h4 Rfd8 28. Rad1 Bg6 29. Be4 Rab8 30. Bxg6 Nxg6 31. Ne4 Nxh4 32. Nf6 Kg6 33. Ne4 Nf5 34. Kg2 Ne3+ 35. Kg3 Nxd1 36. Rf6+ Kg7 37. Kf4 Re8 38. Ng3 h4 39. Nh5+ Kf8 40. g6 Re7 41. g7+ Kg8 42. Rh6 f6 43.
Rh8+ Kf7 44. Rxb8 Kg6 45. g8=Q+ Kxh5 46. Qh8+ Kg6 47. Rg8+ Kf7 48. Rg7+ Ke6 49. Rxe7+ Kxe7 50. Qxh4 Nxb2 51. Qh7+ Ke6 52. Qf5+ Kd6 53. Qxf6+ Kc5 54.
Qxb2 Kc6 55. Ke3 b5 56. Kd3 Kb6 57. Kd4 Ka6 58. Qb4 Kb6 59. a4 a5 60. Qxb5+ Ka7 61. Kc5 Ka8 62. Kc6 Ka7 63. Qb7# 1-0

[Event "*** Titled Tuesday Blitz"]
[Site "Chess.com"]
[Date "2020.05.26"]
[Round "3"]
[White "SlavenPastar"]
[Black "Efremov_Vlad"]
[Result "1-0"]
[WhiteElo "2396"]
[BlackElo "2155"]
[TimeControl "180+1"]
[EndTime "10:28:46 PDT"]
[Termination "SlavenPastar won on time"]

1. d4 d5 2. c4 e6 3. Nc3 Bb4 4. cxd5 exd5 5. Nf3 Nf6 6. Bd2 c5 7. e3 Nc6 8. Bb5 O-O 9. O-O a6 10. Bxc6 bxc6 11. a3 Bxc3 12. bxc3 c4 13. Ne5 Qd6 14. Qc2 g6 15. a4 Bf5 16. Qb2 Nd7 17. Nxd7 Qxd7 18. Bc1 Rfb8 19. Qd2 Rb3 20. Ba3 Rab8 21.
Bc5 Bd3 22. Rfe1 Rb2 23. Qd1 Qf5 24. Qf3 Qxf3 25. gxf3 a5 26. Rec1 R8b3 27. Kg2 Re2 28. Bd6 Rbb2 29. Bg3 Rec2 30. Rxc2 Rxc2 31. Ra3 Rb2 32. Bc7 Rb3 33. Ra1 Rxc3 34. Bxa5 Rb3 35. Be1 c3 36. Rc1 c2 37. a5 Rb1 38. Bd2 Rb2 39. Kg3 Kf8 40. Kf4 Ke7 41. e4 Kd7 42.
Ke5 Ra2 43. exd5 cxd5 44. Kxd5 Bf5 45. Ke5 Ra3 46. f4 Ke7 47. d5 Kd7 48. Kf6 Rd3 49. Be3 Rxd5 50. a6 Ra5 51. a7 Be4 52. Kxf7 Kc7 53.
Kg8 h5 54. Kg7 Kb7 55. Kh6 1-0

[Event "*** Titled Tuesday Blitz"]
[Site "Chess.com"]
[Date "2020.05.26"]
[Round "3"]
[White "TheoSlade"]
[Black "Ashedu66"]
[Result "1/2-1/2"]
[WhiteElo "2341"]
[BlackElo "2169"]
[TimeControl "180+1"]
[EndTime "10:28:46 PDT"]
[Termination "Game drawn - insufficient material"]

1. d4 d5 2. c4 c6 3. Nc3 Nf6 4. e3 e6 5. Nf3 Nbd7 6. Qc2 Be7 7.
Bd3 O-O 8. O-O b6 9. e4 dxe4 10. Nxe4 Bb7 11. Nxf6+ Nxf6 12. c5 Qd5 13. Bg5 h6 14. Bf4 bxc5 15. Rad1 cxd4 16. Bc4 Qe4 17. Qxe4 Nxe4 18. Rxd4 Nf6 19. Bd6 Bxd6 20. Rxd6 Rfd8 21. Rfd1 Nd5 22. Rxd8+ Rxd8 23. Ne5 c5 24. f3 Kf8 25.
Rc1 Nb6 26. Rc2 Ke7 27. Kf2 Rd4 28. Be2 Nd7 29. Nxd7 Kxd7 30. Rxc5 Rd5 31. Rxd5+ Bxd5 32. a3 Kd6 33. Ke3 e5 34. Kd3 f5 35. b4 e4+ 36.
Kd4 exf3 37. gxf3 g5 38. b5 f4 39. a4 h5 40. a5 g4 41. fxg4 f3 42. Bd3 hxg4 43.
Ke3 Ke5 44. b6 axb6 45. axb6 Bb7 46. Bb5 Kd6 47. Bd3 Kc5 48. Bf5 Kxb6 49. Bxg4 Kc5 50.
Bxf3 Bxf3 51. Kxf3 Kd6 52. Ke4 Ke7 53. Kf5 Kf8 54.
Kg6 Kg8 55. Kh6 Kh8 56. Kg6 Kg8 57. Kh5 Kh8 58. h4 Kg8 59. Kh6 Kh8 60. Kg6 Kg8 61. h5 Kh8 62. h6 Kg8 63. h7+ Kh8 64. Kf6 Kxh7 1/2-1/2

[Event "*** Titled Tuesday Blitz"]
[Site "Chess.com"]
[Date "2020.05.26"]
[Round "3"]
[White "keepitcool9499"]
[Black "VMikhalevski"]
[Result "0-1"]
[WhiteElo "2428"]
[BlackElo "2739"]
[TimeControl "180+1"]
[EndTime "10:28:48 PDT"]
[Termination "VMikhalevski won by resignation"]

1. d4 Nf6 2. c4 g6 3. Nc3 d5 4. Nf3 Bg7 5. e3 O-O 6. Be2 c5 7. dxc5 dxc4 8. O-O Qa5 9. Qd4 Na6 10. Qxc4 Qxc5 11.
Qxc5 Nxc5 12. Rd1 b6 13. Nd4 Bb7 14. b4 Nce4 15. Nxe4 Nxe4 16. Bb2 Rac8 17. Rac1 Rfd8 18. Bf3 a6 19. a4 f5 20. b5 axb5 21. axb5 Rc5 22.
Ba3 Rxc1 23. Rxc1 Bxd4 24. exd4 Rxd4 25. Bxe7 Rd7 26. Bb4 Nf6 27. Bc6 Bxc6 28. bxc6 Rc7 29. Bd6 Rc8 30. c7 Kf7 31. Rc6 Nd7 32. Kf1 b5 33. Ke2 Ke6 34. Bf4+ Ke7 35. Bg5+ Kf7 36.
Bd8 Nf8 37. Rb6 Ke8 38. Rxb5 Ne6 39. Re5 Kd7 40. Rd5+ Ke8 41. Rd6 Nxc7 42. Bxc7 Rxc7 43. Rd3 Kf7 44. Kf3 Kf6 45. Rd6+ Ke5 46. Rd3 g5 47. h3 h5 48. g4 fxg4+ 49. hxg4 Rf7+ 50. Kg3 h4+ 51. Kg2 Ra7 52. Rb3 Ra4 53. f3 Kf4 54.
Kh3 Ra5 55. Rc3 Re5 56. Rb3 Re3 57. Rxe3 Kxe3 58. Kg2 Kf4 59. Kf2 h3 60. Kg1 Kxf3 61. Kh2 Kxg4 62. Kg1 Kg3 63. Kh1 g4 64. Kg1 Kf3 65. Kh1 g3 66. Kg1 g2 67. Kh2 Kf2 68.
Kxh3 g1=Q 69. Kh4 0-1

[Event "*** Titled Tuesday Blitz"]
[Site "Chess.com"]
[Date "2020.05.26"]
[Round "3"]
[White "bsnsun"]
[Black "annamaja"]
[Result "1-0"]
[WhiteElo "2472"]
[BlackElo "2220"]
[TimeControl "180+1"]
[EndTime "10:28:49 PDT"]
[Termination "bsnsun won on time"]

1. Nf3 Nf6 2. g3 b6 3. c4 Bb7 4. Bg2 e6 5. d4 Be7 6. O-O O-O 7. Qc2 c5 8. dxc5 bxc5 9. Nc3 Nc6 10. Rd1 Qb6 11. Bf4 Rfd8 12. Rac1 Rac8 13. a3 d5 14.
cxd5 Nxd5 15. Nxd5 exd5 16. Ng5 Bxg5 17. Bxg5 Nd4 18. Bxd8 Qxd8 19. Qd2 Nb3 20. Qd3 Nxc1 21. Rxc1 c4 22. Qd4 a6 23. Rd1 Qe7 24. e3 Rd8 25. h4 h6 26. Bf3 Rd6 27. Qc5 Qd7 28. Rd4 Rf6 29. Kg2 Qf5 30. Rf4 Qe6 31. Rxf6 Qxf6 32.
Qd4 Qxd4 33. exd4 Kf8 34. Kf1 Ke7 35. Ke2 Kd6 36. Kd2 Bc8 37. Kc3 a5 38. Kd2 Bf5 39.
Ke3 g5 40. Bh5 Be6 41. Kf3 f5 42. Bg6 Ke7 43. Ke3 Bd7 44. Bh5 Kf6 45. Bf3 Bc6 46. Kd2 Ke6 47. Kc3 Kf6 48. Bd1 Ke6 49. Bc2 f4 50.
gxf4 gxh4 51. Bd1 h3 52. Bg4+ Kf6 53. Bxh3 Ba4 54. Kd2 Bc6 55. Ke3 h5 56. Bg2 h4 57.
Bh3 Kg6 58. Kf3 Kh5 59. Bg4+ Kg6 60. Kg2 Ba4 61. Kh3 Kf6 62. Kxh4 Bc2 63. Bf3 Kf5 64.
Bxd5 Bd3 65. Kg3 Be2 66. Bg8 Bd3 67. d5 Ke4 68. d6 1-0

[Event "*** Titled Tuesday Blitz"]
[Site "Chess.com"]
[Date "2020.05.26"]
[Round "3"]
[White "TenisMaster"]
[Black "Matveev_Vladimir"]
[Result "0-1"]
[WhiteElo "2812"]
[BlackElo "2578"]
[TimeControl "180+1"]
[EndTime "10:28:50 PDT"]
[Termination "Matveev_Vladimir won on time"]

1. e4 d6 2. d4 g6 3. Nc3 Bg7 4. Be3 a6 5. h4 Nf6 6. f3 b5 7. Qd2 h5 8. O-O-O c6 9. Kb1 Qc7 10. Nce2 Nbd7 11. Nh3 e5 12. Ng5 O-O 13. g4 exd4 14.
Nxd4 Ne5 15. gxh5 Nxh5 16. f4 Nc4 17. Bxc4 bxc4 18. Ne2 Bg4 19. Bd4 Bxd4 20. Nxd4 Bxd1 21. Qxd1 c3 22. f5 c5 23. fxg6 fxg6 24. Nb3 Nf4 25. h5 Qe7 26. Qg4 gxh5 27. Qg3 Qg7 28.
Qh4 cxb2 29. Nf3 Ne2 30. Qxh5 Nc3+ 31. Kxb2 Nxe4+ 32. Ka3 Nf6 33. Qh4 Kf7 34. Rg1 Qh7 35. Qc4+ Ke7 36. Re1+ Kd8 37. Qe6 Qd7 38. Ng5 Qxe6 39.
Nxe6+ Kd7 40. Nxf8+ Rxf8 41. Rh1 Nd5 42. Rh7+ Kc6 43.
Rh6 Nc7 44. Na5+ Kb5 45. Nb3 Rd8 46. Kb2 Kb6 47. Nd2 Kc6 48. Nc4 Nb5 49. Ne5+ Kd5 50. Nd3 Rb8 51. Rh5+ Kc6 52. Kc1 a5 53. Rh6 a4 54.
Ne5+ Kd5 55. Nd7 Rb7 56. Rh5+ Kc6 57. Nf6 a3 58. Rh3 Rf7 0-1

[Event "*** Titled Tuesday Blitz"]
[Site "Chess.com"]
[Date "2020.05.26"]
[Round "3"]
[White "AungTZ"]
[Black "lelya96"]
[Result "0-1"]
[WhiteElo "1981"]
[BlackElo "2274"]
[TimeControl "180+1"]
[EndTime "10:28:50 PDT"]
[Termination "lelya96 won by checkmate"]

1. e4 e5 2. Nf3 Nc6 3. d4 exd4 4. Nxd4 Bb4+ 5. c3 Bc5 6. Be2 Nge7 7. O-O O-O 8. Be3 Bb6 9. a4 d6 10. Na3 f5 11.
exf5 Bxd4 12. cxd4 Nxf5 13. Qb3+ Kh8 14. d5 Ncd4 15.
Bxd4 Nxd4 16. Qd3 Nxe2+ 17. Qxe2 Qg5 18. f4 Qxd5 19. Nb5 Bf5 20. Kh1 Rae8 21. Qf2 Re7 22.
Rae1 Ref7 23. Qxa7 Bd3 24. Nc3 Qc6 25. Rf3 Rxf4 26.
Rxf4 Rxf4 27. Qe3 Rf1+ 28. Rxf1 Bxf1 29. Qf2 Bxg2+ 30. Qxg2 Qb6 31. Qe2 h6 32. Qe8+ Kh7 33.
Qe4+ Kg8 34. Qe2 Qc6+ 35. Kg1 Qc5+ 36. Qf2 Qc4 37. Qd2 Qg4+ 38. Kf1 Qf5+ 39. Ke1 Qe6+ 40.
Kd1 c6 41. Kc1 d5 42. Kb1 Qf5+ 43. Ka2 Qf6 44. Qe2 d4 45. Qc4+ Kh7 46. Qd3+ g6 47. Ne4 Qe6+ 48. Ka3 Qd5 49. Nd2 c5 50. Nc4 Qd7 51. b3 b5 52. Qc3 dxc3 53. axb5 c2 54. Ka4 c1=Q 55. Ka5 Qa1+ 56. Kb6 Qaa7# 0-1

[Event "*** Titled Tuesday Blitz"]
[Site "Chess.com"]
[Date "2020.05.26"]
[Round "3"]
[White "Rozum_Ivan"]
[Black "maciek_92"]
[Result "0-1"]
[WhiteElo "2609"]
[BlackElo "2820"]
[TimeControl "180+1"]
[EndTime "10:28:51 PDT"]
[Termination "maciek_92 won by resignation"]

1. d4 Nf6 2. c4 g6 3. g3 Bg7 4. Bg2 d6 5. Nc3 O-O 6. Nf3 c6 7. O-O Nbd7 8. e4 e5 9. Re1 Re8 10. h3 Qc7 11. Qc2 exd4 12. Nxd4 a5 13. Bf4 Ne5 14.
b3 Nfd7 15. Rad1 Nc5 16. Bc1 Ne6 17. Be3 Nxd4 18. Bxd4 f5 19. f4 Nf7 20. Bxg7 Kxg7 21. Qd2 Qb6+ 22. Kh2 Be6 23. Re2 Qd8 24. Rde1 Qf6 25.
exf5 gxf5 26. Na4 h5 27. Bf3 h4 28. gxh4 Kh8 29. h5 Bd7 30. Nb6 Rxe2+ 31. Rxe2 Rd8 32. Qxa5 Qd4 33. Qd2 Qxb6 34. Qc3+ Kh7 35. Qf6 Rg8 36. Bg2 Rg7 37. b4 Qd8 38. Qd4 Qh4 39. Qe3 Nh6 40. Qf3 Ng4+ 41. Kg1 Nf6 42. Kf1 Qxh5 43. Qxh5+ Nxh5 44. Rd2 Nxf4 45. Bf3 Rg6 46. Rd4 Nxh3 47. Bh5 Rh6 48. Bf3 Ng5 49. Bg2 Nf7 50. c5 d5 51. Rd3 Kg7 52. Ra3 Kf6 53. Ra8 Rh8 54.
Ra7 Rb8 55. a4 Ne5 56. a5 Ke6 57. a6 bxa6 58. Rxa6 Rxb4 0-1

[Event "*** Titled Tuesday Blitz"]
[Site "Chess.com"]
[Date "2020.05.26"]
[Round "3"]
[White "zmeeed67"]
[Black "AlexTriapishko"]
[Result "1/2-1/2"]
[WhiteElo "2436"]
[BlackElo "2728"]
[TimeControl "180+1"]
[EndTime "10:28:52 PDT"]
[Termination "Game drawn by repetition"]

1. d4 Nf6 2. c4 e6 3. Nc3 Bb4 4. f3 d5 5. a3 Be7 6. e4 dxe4 7. fxe4 c5 8. d5 exd5 9. exd5 O-O 10. Nf3 a6 11.
Bd3 Bd6 12. O-O Bg4 13. h3 Bh5 14. Bg5 Nbd7 15. Qc2 h6 16. Bh4 Qc7 17. g4 Bg6 18. Bxg6 fxg6 19. Qxg6 Bg3 20. Kg2 Bxh4 21. Nxh4 Ne5 22.
Qc2 Nxc4 23. Rae1 Rae8 24. Nf5 Nd6 25. Rxe8 Nfxe8 26. Nxd6 Qxd6 27. Rxf8+ Qxf8 28. Qe4 Nf6 29. Qe6+ Qf7 30. Qf5 Qe7 31. Kf2 Kf7 32. Ne2 g6 33. Qf3 Qe5 34. Nf4 Qd4+ 35. Kg2 Qxb2+ 36. Kg3 Qe5 37.
d6 g5 38. Qxb7+ Kg8 39. Qc8+ Ne8 40. d7 gxf4+ 41. Kg2 Qe2+ 42. Kg1 Qe1+ 43. Kg2 Qg3+ 44. Kf1 Qxh3+ 45. Ke1 Qe3+ 46. Kd1 Qd3+ 47. Ke1 Qc3+ 48. Kd1 Qb3+ 49. Ke1 Qe3+ 50. Kd1 Qd3+ 51. Ke1 Qe3+ 1/2-1/2

[Event "*** Titled Tuesday Blitz"]
[Site "Chess.com"]
[Date "2020.05.26"]
[Round "3"]
[White "SHIVACalypso"]
[Black "fish7728"]
[Result "1-0"]
[WhiteElo "2288"]
[BlackElo "2022"]
[TimeControl "180+1"]
[EndTime "10:28:52 PDT"]
[Termination "SHIVACalypso won on time"]

1. Nf3 Nf6 2. c4 d5 3. g3 c6 4.
Bg2 Bf5 5. O-O h6 6. d4 e6 7.
Nc3 Nbd7 8. Nd2 Be7 9. e4 dxe4 10. Ndxe4 Nxe4 11. Nxe4 Nf6 12. f3 O-O 13. Be3 Qc7 14.
Qe2 e5 15. Rfd1 exd4 16. Nxf6+ Bxf6 17. Bxd4 Rfe8 18. Qf2 Bxd4 19. Rxd4 Rad8 20. Bf1 Rxd4 21. Qxd4 c5 22. Qd2 Qd8 23. Rd1 Qxd2 24. Rxd2 Re7 25. Kf2 Rd7 26. Rd5 Be6 27. Rxd7 Bxd7 28. Ke3 Kf8 29. Kf4 Ke7 30. Ke5 Be6 31. f4 f6+ 32.
Ke4 Kd6 33. a3 b6 34. f5 Bd7 35. Kf4 Bc6 36. Bd3 Bg2 37. Be2 Bc6 38. h4 Be8 39. g4 Bf7 40. g5 hxg5+ 41. hxg5 Be8 42. gxf6 gxf6 43. Bd3 Bf7 44. b3 Bg8 45. Be2 b5 46. cxb5 Bxb3 47. Ke4 Bd5+ 48. Kd3 Ke5 49. Bg4 Be4+ 50. Kc3 Bd5 51. a4 1-0

[Event "*** Titled Tuesday Blitz"]
[Site "Chess.com"]
[Date "2020.05.26"]
[Round "3"]
[White "slowdgehammer"]
[Black "MoonlighT89"]
[Result "0-1"]
[WhiteElo "2339"]
[BlackElo "2544"]
[TimeControl "180+1"]
[EndTime "10:28:53 PDT"]
[Termination "MoonlighT89 won by resignation"]

1. e4 c5 2. Nf3 e6 3. d4 cxd4 4. Nxd4 Nc6 5. Nc3 Qc7 6. g3 a6 7. Bg2 d6 8. O-O Bd7 9. Re1 Be7 10. a4 Nf6 11. Nb3 O-O 12. a5 Ne5 13. Nd2 Rac8 14. h3 Rfd8 15. f4 Nc4 16. Nxc4 Qxc4 17. Be3 d5 18. e5 Ne4 19. Nxe4 dxe4 20. c3 Bc5 21. Qe2 Qxe2 22. Rxe2 Bb5 23. Ree1 Rd2 24. Bxc5 Rxc5 25. Rad1 Rcd5 26. Rxd2 Rxd2 27. b4 Rd3 28. Kh2 Bc6 29.
Bxe4 Rxc3 30. Bxc6 Rxc6 31. Rd1 h5 32. Rd7 b6 33. Ra7 bxa5 34. bxa5 g6 35. g4 hxg4 36.
hxg4 g5 37. fxg5 Kg7 38. Kg3 Kg6 39. Kf4 Rc4+ 40. Kf3 Rc6 41. Ke4 Kxg5 42. Kd4 Kg6 43. Rb7 Rc1 44. Rb6 Rd1+ 45. Kc5 Rd5+ 46. Kc6 Rxe5 47.
Rxa6 Kg5 48. Ra7 Kxg4 49. Rxf7 Rxa5 50. Kd6 e5 51. Re7 Kf4 52. Rf7+ Ke3 53. Rf5 Kd4 54.
Rh5 Ra6+ 55. Ke7 e4 56. Rh8 e3 57. Rd8+ Ke4 58. Rb8 e2 59. Rb4+ Ke3 60. Rb3+ Kf2 61.
Rb2 Kf1 0-1

[Event "*** Titled Tuesday Blitz"]
[Site "Chess.com"]
[Date "2020.05.26"]
[Round "3"]
[White "profofchess"]
[Black "Jenia84"]
[Result "1-0"]
[WhiteElo "2483"]
[BlackElo "2212"]
[TimeControl "180+1"]
[EndTime "10:28:53 PDT"]
[Termination "profofchess won by resignation"]

1. e4 e5 2. Nf3 Nc6 3. Nc3 Nf6 4. Bb5 Bb4 5. O-O O-O 6. d3 Nd4 7. Nxd4 exd4 8. Ne2 c6 9. Ba4 d5 10. e5 Ng4 11.
Bf4 Re8 12. c3 dxc3 13. bxc3 Ba5 14. d4 Qh4 15. Bg3 Qg5 16. Rb1 b5 17. Bc2 Bf5 18. a4 Bxc2 19. Qxc2 a6 20. h3 Nh6 21. f4 Qf5 22. Qxf5 Nxf5 23. Bf2 Rab8 24. g4 Ne7 25. f5 Nc8 26. Ra1 Bc7 27. axb5 axb5 28. Nf4 Nb6 29. Ra7 Rbc8 30. Nd3 Nc4 31. Nb4 Bb6 32. Ra6 Kf8 33. Kg2 Ke7 34. Rfa1 Kd7 35. Kf3 Kc7 36. Bg3 Kb7 37. Ke2 g6 38. f6 h5 39. g5 Nd6 40. Kd3 Ne4 41. Be1 h4 42. Bd2 Rh8 43. Rf1 Rce8 44. Raa1 Rh5 45. Rg1 Nf2+ 46. Kc2 Nxh3 47. Rg2 c5 48. Nxd5 cxd4 49. Nxb6 Kxb6 50.
cxd4 Rc8+ 51. Kd3 Rd8 52. Rh1 Nxg5 53. Rxg5 Rxg5 54. Bxg5 b4 55. Rxh4 Kb5 56. Rh1 Re8 57.
Ke4 b3 58. d5 Kc4 59. d6 b2 60.
d7 Ra8 61. e6 fxe6 62. f7 Kb3 63. d8=Q 1-0

[Event "*** Titled Tuesday Blitz"]
[Site "Chess.com"]
[Date "2020.05.26"]
[Round "3"]
[White "Abund"]
[Black "MidnightFox"]
[Result "1-0"]
[WhiteElo "2603"]
[BlackElo "2402"]
[TimeControl "180+1"]
[EndTime "10:28:55 PDT"]
[Termination "Abund won on time"]

1. d4 Nf6 2. c4 g6 3. f3 c5 4. d5 d6 5. e4 e6 6. Nc3 exd5 7. cxd5 Bg7 8. Nge2 O-O 9. Ng3 h5 10. Bg5 a6 11. a4 Nbd7 12. Be2 Qc7 13. O-O Nh7 14.
Be3 h4 15. Nh1 h3 16. g3 f5 17. exf5 gxf5 18. Nf2 f4 19. Bxf4 Rxf4 20. gxf4 Bd4 21. Kh1 Ndf6 22. Ng4 Bd7 23. Bd3 Kh8 24. Ne2 Nxg4 25.
fxg4 Bxg4 26. Qc2 Bxe2 27. Qxe2 Nf6 28. Rf3 Qd7 29. Qe6 Qxe6 30. dxe6 Re8 31. Rxh3+ Kg7 32. f5 Kf8 33. Rh8+ Ke7 34. Rxe8+ Kxe8 35. Rb1 d5 36. b3 Ke7 37. Rf1 Ne8 38. Rf4 Nd6 39. Rh4 c4 40. bxc4 dxc4 41. Bxc4 Bf2 42. Rh7+ Kf6 43. e7 Kxf5 44. Rh6 Ne8 45. Bf7 Nc7 46. e8=Q Nxe8 47. Bxe8 Ke5 48. Rh7 b6 49. Ra7 a5 50.
Ra6 Kf4 51. Bb5 Bc5 52. Ra8 Kg5 53. Rc8 Kh4 54. Rc6 Bd4 55. Kg2 Be3 56. h3 Kg5 57.
Rc2 Kh4 58. Ra2 Kg5 59. Re2 Bd4 60. Re4 Bc3 61. Kf3 1-0

[Event "*** Titled Tuesday Blitz"]
[Site "Chess.com"]
[Date "2020.05.26"]
[Round "3"]
[White "2346PL"]
[Black "ChronicUnhappiness"]
[Result "1-0"]
[WhiteElo "2504"]
[BlackElo "2281"]
[TimeControl "180+1"]
[EndTime "10:28:55 PDT"]
[Termination "2346PL won by resignation"]

1. d4 Nf6 2. Bg5 Ne4 3. Bf4 d5 4. e3 e6 5. Bd3 c5 6. Nd2 Nxd2 7.
Qxd2 Nc6 8. c3 Bd6 9. Bxd6 Qxd6 10. f4 O-O 11. Nf3 f6 12. O-O-O b5 13. e4 cxd4 14. Nxd4 Nxd4 15. cxd4 Qc7+ 16. Kb1 dxe4 17.
Bxe4 Bb7 18. Qe2 Bxe4+ 19. Qxe4 Qd6 20. Rhe1 Rfe8 21. Rd3 Qd5 22. Qxd5 exd5 23. Rde3 Rxe3 24. Rxe3 Kf7 25. a4 b4 26. a5 Rc8 27. f5 Rc4 28.
Rd3 Rc7 29. Rb3 Rc4 30. Rd3 Ke7 31. b3 Rc7 32. Re3+ Kd7 33. Re6 Rc3 34. Kb2 Rd3 35. Ra6 Rd2+ 36. Kc1 Rxd4 37. Rxa7+ Kd6 38. Rxg7 Ke5 39.
a6 Rd3 40. a7 Rc3+ 41. Kd2 Rc8 42. g4 Kf4 43. h3 Ra8 44. Rxh7 d4 45. Kd3 Ke5 46.
Rd7 Kf4 47. Kxd4 Kg5 48. Kd5 Re8 49. Rb7 Re5+ 50. Kd6 Ra5 51. Kc6 Kh4 52. Kc7 Kxh3 53. Kb8 Kxg4 54. a8=Q Rxa8+ 55. Kxa8 Kxf5 56. Rxb4 Ke5 57. Rh4 f5 58. b4 f4 59. b5 f3 60. Rh1 Kd6 61. b6 Kc6 62. b7 1-0

[Event "*** Titled Tuesday Blitz"]
[Site "Chess.com"]
[Date "2020.05.26"]
[Round "3"]
[White "BJthechessgod"]
[Black "angryhorse9"]
[Result "0-1"]
[WhiteElo "2117"]
[BlackElo "2474"]
[TimeControl "180+1"]
[EndTime "10:28:55 PDT"]
[Termination "angryhorse9 won by checkmate"]

1. e4 c5 2. Nf3 Nc6 3. d4 cxd4 4. Nxd4 Nf6 5. Nc3 d6 6. Bc4 Qb6 7. Nxc6 bxc6 8. O-O e5 9. Bb3 Be7 10. Bg5 Qc7 11.
Qd2 Be6 12. Rad1 Rd8 13. h3 O-O 14. Rfe1 h6 15. Bh4 a5 16. Qe2 Rb8 17. Rd2 Rb4 18.
Red1 Rd8 19. Bg3 Rdb8 20. Bxe6 fxe6 21. b3 c5 22. a4 Qc6 23. f3 c4 24. Nb5 cxb3 25.
cxb3 Ne8 26. Qd3 Kf7 27. Rc2 Qb7 28. Rdc1 Qa6 29. Be1 R4xb5 30. axb5 Rxb5 31. Rc6 Qb7 32. R6c3 Qb8 33. Bf2 Qb7 34. Kh2 h5 35. h4 g6 36.
g3 d5 37. exd5 Rxd5 38. Qe4 Qd7 39. Be3 Nf6 40. Qc2 e4 41. fxe4 Ng4+ 42. Kh3 e5 43.
Kg2 Nxe3+ 44. Rxe3 Rd2+ 45. Re2 Rxc2 46. Rexc2 Qd4 47.
Rf1+ Ke6 48. Rc6+ Bd6 49. Ra6 Qxe4+ 50. Kg1 Qe3+ 51. Kh2 Qe2+ 52. Kg1 Kd5 53. Rxa5+ Bc5+ 54. Rf2 Qxf2+ 55. Kh1 Qg1# 0-1

[Event "*** Titled Tuesday Blitz"]
[Site "Chess.com"]
[Date "2020.05.26"]
[Round "3"]
[White "savagemedusa"]
[Black "algatar2020"]
[Result "0-1"]
[WhiteElo "2230"]
[BlackElo "1721"]
[TimeControl "180+1"]
[EndTime "10:28:55 PDT"]
[Termination "algatar2020 won by resignation"]

1. d4 d6 2. c4 Nf6 3. Nc3 g6 4. e4 Bg7 5. Be2 Nbd7 6. Be3 e5 7. d5 a5 8. f3 O-O 9. g4 Qe7 10. h4 c6 11. h5 cxd5 12. cxd5 Nc5 13. hxg6 fxg6 14. Qd2 Nfd7 15. Nh3 Rb8 16. Bg5 Bf6 17. Bh6 Rf7 18. O-O-O b5 19. Bxb5 Ba6 20. Bxa6 Nxa6 21. Kb1 Ndc5 22. Rh2 Nb4 23. Ng5 Bxg5 24. Bxg5 Qd7 25.
Qe3 Na4 26. Rdh1 Nxc3+ 27. Qxc3 Na6 28. Ka1 Nc5 29. Rh3 a4 30. Qc2 Qb7 31. Be3 Rc7 32.
Bxc5 Rxc5 33. Qd2 a3 34. b3 Rc7 35. g5 Rbc8 36. R3h2 Qb5 37. Rd1 Qc5 38. Kb1 Qb5 39.
Rhh1 Rc2 40. Qxc2 Rxc2 41. Kxc2 Qe2+ 42. Rd2 Qxf3 43. Re1 Qg3 44. Ree2 Qxg5 45. Rd3 Qg4 46. Kd2 h5 47. b4 Qf4+ 48. Kc2 Qf1 49. Red2 Qe1 50.
Rxa3 Qxe4+ 51. Kb2 Qxb4+ 52. Rb3 Qxd2+ 53. Ka3 Qxd5 54. Rb8+ Kg7 55. Rb7+ Qxb7 0-1

[Event "*** Titled Tuesday Blitz"]
[Site "Chess.com"]
[Date "2020.05.26"]
[Round "3"]
[White "VincentKeymer"]
[Black "Ziachess74"]
[Result "1-0"]
[WhiteElo "2825"]
[BlackElo "2609"]
[TimeControl "180+1"]
[EndTime "10:28:56 PDT"]
[Termination "VincentKeymer won by resignation"]

1. Nf3 d5 2. e3 Nf6 3. c4 e6 4. Nc3 a6 5. b3 Bd6 6. Bb2 dxc4 7. bxc4 c5 8. g4 O-O 9. g5 Ne8 10. h4 Nc6 11. h5 f5 12. h6 g6 13. d4 cxd4 14.
exd4 Qe7 15. Be2 Ba3 16. Qb3 Bxb2 17. Qxb2 Qb4 18. O-O-O Qxb2+ 19. Kxb2 Nd6 20. Ne5 Rd8 21. f4 Bd7 22. Bf3 Rac8 23. c5 Nf7 24. Nc4 Be8 25. Bxc6 Bxc6 26. Rhe1 Re8 27. a4 Rcd8 28. a5 Kf8 29. Nb6 Bf3 30. Rd2 Bc6 31. Kc2 Re7 32.
Na2 Bd5 33. Nb4 Bf3 34. Kc3 Be4 35. Re3 Rde8 36. Nc4 Rd8 37. Nd3 Bxd3 38. Rexd3 Rd5 39. Rb2 Rdd7 40. Ne3 Nd8 41. d5 exd5 42. Nxd5 Rf7 43. Nf6 Rxd3+ 44. Kxd3 Ne6 45. Kc4 Nxf4 46. c6 bxc6 47.
Rb8+ Ke7 48. Kc5 Ne6+ 49. Kxc6 Nxg5 50. Nd5+ Ke6 51. Nc7+ Ke5 52. Nxa6 Kf4 53. Nc5 Ne4 54. Rb7 Rxb7 55. Nxb7 Nf6 56. a6 Ne8 57. a7 1-0

[Event "*** Titled Tuesday Blitz"]
[Site "Chess.com"]
[Date "2020.05.26"]
[Round "3"]
[White "kingnb"]
[Black "PauloCesarCosta_sad"]
[Result "1-0"]
[WhiteElo "2480"]
[BlackElo "2185"]
[TimeControl "180+1"]
[EndTime "10:28:56 PDT"]
[Termination "kingnb won on time"]

1. e4 e6 2. d4 d5 3. e5 c5 4. c3 Qb6 5. Nf3 Bd7 6. Bd3 Bb5 7. dxc5 Bxc5 8. O-O a5 9. Bxb5+ Qxb5 10. b4 axb4 11. cxb4 Qxb4 12. a4 Ne7 13. Nbd2 Nd7 14. Nb3 Rxa4 15. Bd2 Qb5 16. Rb1 Qa6 17. Qc2 b6 18. h4 O-O 19. h5 Rc8 20. Nxc5 bxc5 21. h6 gxh6 22. Bxh6 d4 23. Rfd1 Ng6 24. Bg5 Ndxe5 25. Nxe5 Nxe5 26. Qe4 Ng6 27. Bf6 e5 28. Qf5 Qe6 29.
g4 Qxf5 30. gxf5 Nf4 31. Kh2 Re8 32. Rg1+ Kf8 33. Rb7 Ng6 34. fxg6 hxg6 35. Rg5 Rea8 36. Rxe5 R4a7 37. Rb5 c4 38. Red5 d3 39. Rbc5 Ra2 40. Kg3 d2 41. Rxc4 R8a3+ 42. f3 Ra8 43. Rcd4 d1=Q 44.
Rxd1 Ke8 45. Rh1 1-0